[Event "Rated Blitz game"]
[Site "?"]
[Date "2021.10.10"]
[Round "?"]
[White "KingRAZOR"]
[Black "TheHumanMachine"]
[Result "0-1"]
[ECO "C42"]
[WhiteElo "2368"]
[BlackElo "2416"]
[PlyCount "92"]
[EventDate "2021.??.??"]
[EventType "blitz"]
[TimeControl "180"]

1. e4 e5 2. Nf3 Nf6 3. Nxe5 d6 4. Nxf7 Kxf7 5. Nc3 c5 6. f4 Bg4 7. Be2 Bxe2 8.
Qxe2 Nc6 9. O-O Nd4 10. Qc4+ Ke8 11. Nd5 b5 12. Nxf6+ Qxf6 13. Qd5 Rc8 14. Qb7
Rd8 15. c3 Ne2+ 16. Kh1 Nxc1 17. Raxc1 Rd7 18. Qxb5 Qd8 19. e5 Qb6 20. Qe2 Be7
21. Qh5+ Kd8 22. e6 Rb7 23. f5 Bf6 24. d4 c4 25. Qf3 Re8 26. Qd5 Ke7 27. Qxc4
Qxb2 28. Qd3 Qb5 29. Qf3 Rc7 30. Qh5 h6 31. c4 Qc6 32. c5 d5 33. Rb1 Kf8 34.
Qg6 Kg8 35. Rfd1 Rce7 36. Rb3 Rf8 37. Rg3 Kh8 38. Rh3 Qe8 39. Rxh6+ gxh6 40.
Qxh6+ Rh7 41. Qf4 Qe7 42. h3 Rg8 43. Rg1 Qg7 44. c6 Bxd4 45. Qh2 Be5 46. g3
Bxg3 {Time forfeit} 0-1

[Event "Rated Blitz game"]
[Site "?"]
[Date "2021.10.10"]
[Round "?"]
[White "KingRAZOR"]
[Black "TheHumanMachine"]
[Result "1-0"]
[ECO "C42"]
[WhiteElo "2369"]
[BlackElo "2414"]
[PlyCount "61"]
[EventDate "2021.??.??"]
[EventType "blitz"]
[TimeControl "180"]

1. e4 e5 2. Nf3 Nf6 3. Nxe5 d6 4. Nxf7 Kxf7 5. Nc3 c5 6. Bc4+ Be6 7. Bxe6+ Kxe6
8. d4 cxd4 9. Qxd4 Nc6 10. Qc4+ Kd7 11. Bg5 h6 12. Bh4 Ne5 13. Qb5+ Kc8 14.
O-O-O a6 15. Qb3 Kb8 16. f4 g5 17. fxe5 gxh4 18. exf6 Qxf6 19. Nd5 Qg5+ 20. Kb1
Bg7 21. Qb6 Qd8 22. Qb3 a5 23. Rhf1 a4 24. Qb4 Ra7 25. Rf7 Rg8 26. Ne7 Qe8 27.
Qxd6+ Ka8 28. Nxg8 Ra6 29. Qd8+ Qxd8 30. Rxd8+ Ka7 31. Rxg7 {Normal} 1-0

[Event "Rated Blitz game"]
[Site "?"]
[Date "2021.10.10"]
[Round "?"]
[White "June31"]
[Black "Parwis"]
[Result "1-0"]
[ECO "C42"]
[WhiteElo "2734"]
[BlackElo "2556"]
[PlyCount "131"]
[EventDate "2021.??.??"]
[EventType "blitz"]
[TimeControl "180"]

1. e4 e5 2. Nf3 Nf6 3. Nxe5 d6 4. Nxf7 Kxf7 5. d4 c5 6. Nc3 cxd4 7. Bc4+ Be6 8.
Bxe6+ Kxe6 9. Qxd4 Kf7 10. Bg5 Qe8 11. O-O-O Nc6 12. Qc4+ Qe6 13. Qb5 Rb8 14.
Rhe1 a6 15. Qb6 Be7 16. Kb1 Rhc8 17. Nd5 Bd8 18. Qb3 Na5 19. Qf3 Kg8 20. Bd2
Nc4 21. Bc3 b5 22. Qg3 Qf7 23. f4 Nxd5 24. Rxd5 b4 25. Bd4 Bf6 26. Rd1 Bxd4 27.
R1xd4 a5 28. Rf5 Qg6 29. Rg5 Qf7 30. Rdd5 Qb7 31. Rxg7+ Qxg7 32. Rg5 Rb7 33.
Qg4 Re8 34. Qf5 Rf7 35. Rxg7+ Kxg7 36. Qg5+ Kf8 37. b3 Nd2+ 38. Kb2 Nxe4 39.
Qxa5 Rb8 40. g3 Nc3 41. Qa6 Rf6 42. a3 Nd5 43. Qc6 bxa3+ 44. Kxa3 Nb4 45. Qc7
Rb5 46. c4 Rc5 47. Qd8+ Kf7 48. Kxb4 Re6 49. Qd7+ Re7 50. Qxd6 Rcc7 51. Kc3 Rb7
52. Qd5+ Kg7 53. Qd4+ Kf7 54. b4 Red7 55. Qc5 Rbc7 56. Qf5+ Ke7 57. b5 Kd8 58.
Kb4 Re7 59. Qg5 Kd7 60. Qd5+ Ke8 61. b6 Rcd7 62. Qc6 Kf7 63. c5 Rd4+ 64. Kb5
Rb4+ 65. Kxb4 Re4+ 66. Kb5 {Time forfeit} 1-0

[Event "Rated Rapid game"]
[Site "?"]
[Date "2021.10.10"]
[Round "?"]
[White "Spielfrei8"]
[Black "SytherVenom"]
[Result "1-0"]
[ECO "C42"]
[WhiteElo "2439"]
[BlackElo "2264"]
[PlyCount "45"]
[EventDate "2021.??.??"]
[EventType "rapid"]
[TimeControl "600"]

1. e4 e5 2. Nf3 Nf6 3. Nxe5 d6 4. Nxf7 Kxf7 5. d4 Be7 6. Nc3 Rf8 7. Bc4+ d5 8.
Bb3 Kg8 9. O-O Kh8 10. e5 Ne4 11. Nxd5 c6 12. Nf4 a5 13. Qh5 Bf5 14. f3 Ng5 15.
g4 g6 16. Qh6 Qxd4+ 17. Kh1 Qxe5 18. gxf5 Qxf5 19. Bd2 Na6 20. Rae1 Rae8 21.
Re5 Qxe5 22. Bc3 Qxc3 23. Nxg6# {Normal} 1-0

[Event "Rated Blitz game"]
[Site "?"]
[Date "2021.10.09"]
[Round "?"]
[White "KingRAZOR"]
[Black "TheHumanMachine"]
[Result "1-0"]
[ECO "C42"]
[WhiteElo "2336"]
[BlackElo "2411"]
[PlyCount "67"]
[EventDate "2021.??.??"]
[EventType "blitz"]
[TimeControl "180"]

1. e4 e5 2. Nf3 Nf6 3. Nxe5 d6 4. Nxf7 Kxf7 5. Nc3 c6 6. d4 Bg4 7. f3 Bh5 8.
Bg5 h6 9. Bh4 Qa5 10. Bc4+ d5 11. exd5 cxd5 12. Bb3 Bb4 13. O-O Bxc3 14. bxc3
Qxc3 15. Bxf6 gxf6 16. Bxd5+ Kg7 17. Bxb7 Nd7 18. Bxa8 Rxa8 19. Rb1 Rc8 20. Rb7
Rc7 21. Rxc7 Qxc7 22. Qe2 Qd6 23. c3 Nb6 24. Re1 Bf7 25. Qe7 Qd5 26. Qxa7 Nc4
27. Re7 Nd2 28. Qd7 Qc4 29. h3 Qf1+ 30. Kh2 Nxf3+ 31. Kg3 Ng5 32. h4 Qd3+ 33.
Kh2 Qf5 34. Qxf5 {Normal} 1-0

[Event "Rated Blitz game"]
[Site "?"]
[Date "2021.10.09"]
[Round "?"]
[White "KingRAZOR"]
[Black "TheHumanMachine"]
[Result "0-1"]
[ECO "C42"]
[WhiteElo "2347"]
[BlackElo "2401"]
[PlyCount "94"]
[EventDate "2021.??.??"]
[EventType "blitz"]
[TimeControl "180"]

1. e4 e5 2. Nf3 Nf6 3. Nxe5 d6 4. Nxf7 Kxf7 5. Nc3 Be6 6. d4 c6 7. Bg5 h6 8.
Bh4 Qa5 9. Bd3 Bg4 10. f3 Be6 11. O-O g5 12. Bg3 Nh5 13. f4 Nxg3 14. hxg3 Kg7
15. f5 Bf7 16. f6+ Kg8 17. d5 Nd7 18. dxc6 bxc6 19. Qe2 Ne5 20. Rf5 Qb6+ 21.
Kh2 Qxb2 22. Qe1 Qa3 23. Rb1 Qc5 24. Rb7 Re8 25. Ne2 Qe3 26. Qa5 Rc8 27. Ng1
Ng4+ 28. Kh1 Ne5 29. Nh3 Qxg3 30. Qxa7 g4 31. Rxe5 gxh3 32. gxh3 Qxh3+ 33. Kg1
Qg3+ 34. Kf1 Qxe5 35. Rxf7 Qf4+ 36. Ke2 Qg4+ 37. Kd2 Qg6 38. Rg7+ Bxg7 39. fxg7
Qxg7 40. Qe3 d5 41. Qf3 Rf8 42. Qe3 Qg5 43. Qxg5+ hxg5 44. e5 Kg7 45. Kc3 Re8
46. e6 Re7 47. Kb4 c5+ {Time forfeit} 0-1

[Event "Rated Blitz game"]
[Site "?"]
[Date "2021.10.09"]
[Round "?"]
[White "KingRAZOR"]
[Black "TheHumanMachine"]
[Result "0-1"]
[ECO "C42"]
[WhiteElo "2339"]
[BlackElo "2410"]
[PlyCount "86"]
[EventDate "2021.??.??"]
[EventType "blitz"]
[TimeControl "180"]

1. e4 e5 2. Nf3 Nf6 3. Nxe5 d6 4. Nxf7 Kxf7 5. Nc3 c5 6. Bc4+ Kg6 7. f4 h5 8.
O-O Nxe4 9. Nxe4 d5 10. Bd3 dxe4 11. Bxe4+ Kf7 12. Qf3 Qb6 13. f5 Be7 14. Bd5+
Kf8 15. c4 Bf6 16. d3 Nc6 17. Bf4 Nd4 18. Qf2 Bxf5 19. Kh1 Bxd3 20. Qg3 Bxf1
21. Bd6+ Ke8 22. Rxf1 Kd7 23. Be5 Rae8 24. Qh3+ Kd8 25. Bg3 Ne2 26. Bf2 Nd4 27.
Qg3 h4 28. Qb8+ Ke7 29. Re1+ Kd7 30. Rxe8 Rxe8 31. Qf4 Qd6 32. Qg4+ Kc7 33. h3
Re7 34. Bg1 Be5 35. Qxh4 Nc6 36. Qe1 b6 37. Qd1 Nb4 38. Qa4 a5 39. Qb5 Nxd5 40.
cxd5 Qxd5 41. Qa6 Bd6 42. Qa7+ Qb7 43. Qa6 Qxa6 {Normal} 0-1

[Event "Rated Blitz game"]
[Site "?"]
[Date "2021.10.09"]
[Round "?"]
[White "KingRAZOR"]
[Black "TheHumanMachine"]
[Result "1-0"]
[ECO "C42"]
[WhiteElo "2336"]
[BlackElo "2412"]
[PlyCount "45"]
[EventDate "2021.??.??"]
[EventType "blitz"]
[TimeControl "180"]

1. e4 e5 2. Nf3 Nf6 3. Nxe5 d6 4. Nxf7 Kxf7 5. Nc3 c5 6. Bc4+ Be6 7. Qe2 Qd7 8.
O-O a6 9. a4 Nc6 10. f4 Bxc4 11. Qxc4+ Qe6 12. Qe2 Nd4 13. Qd1 Nxe4 14. Re1 d5
15. d3 Nxc3 16. bxc3 Qf6 17. cxd4 Qxd4+ 18. Be3 Qf6 19. c4 d4 20. Bd2 Bd6 21.
Qf3 Rab8 22. Qd5+ Kf8 23. Re6 {Normal} 1-0

[Event "Rated Blitz game"]
[Site "?"]
[Date "2021.10.09"]
[Round "?"]
[White "KingRAZOR"]
[Black "TheHumanMachine"]
[Result "0-1"]
[ECO "C42"]
[WhiteElo "2344"]
[BlackElo "2404"]
[PlyCount "91"]
[EventDate "2021.??.??"]
[EventType "blitz"]
[TimeControl "180"]

1. e4 e5 2. Nf3 Nf6 3. Nxe5 d6 4. Nxf7 Kxf7 5. Nc3 c5 6. Be2 Nc6 7. O-O Nd4 8.
f4 h5 9. e5 Nxe2+ 10. Qxe2 Ne8 11. Ne4 d5 12. Ng5+ Kg8 13. c4 Be7 14. d3 Bxg5
15. fxg5 g6 16. Qf3 Ng7 17. cxd5 Bg4 18. Qf7+ Kh7 19. d6 Rf8 20. Qxb7 Rxf1+ 21.
Kxf1 Qd7 22. Qxa8 Qf5+ 23. Kg1 Qxd3 24. h3 Qd4+ 25. Kh2 Qxe5+ 26. g3 Bf5 27.
Bf4 Qxb2+ 28. Qg2 Qxa1 29. g4 hxg4 30. hxg4 Be6 31. Qh3+ Kg8 32. Qe3 Qxa2+ 33.
Kg3 Qb3 34. Qxb3 Bxb3 35. Be3 c4 36. Bxa7 c3 37. Be3 Kf7 38. Kf2 Ke6 39. Bd4
Ne8 40. Bxc3 Nxd6 41. Kg3 Ne4+ 42. Kf4 Nxc3 43. Ke3 Ke5 44. Kd3 Nd5 45. Ke2 Kf4
46. Kf2 {Normal} 0-1

[Event "Rated Blitz game"]
[Site "?"]
[Date "2021.10.09"]
[Round "?"]
[White "KingRAZOR"]
[Black "TheHumanMachine"]
[Result "0-1"]
[ECO "C42"]
[WhiteElo "2346"]
[BlackElo "2402"]
[PlyCount "72"]
[EventDate "2021.??.??"]
[EventType "blitz"]
[TimeControl "180"]

1. e4 e5 2. Nf3 Nf6 3. Nxe5 d6 4. Nxf7 Kxf7 5. Nc3 c5 6. Be2 Nc6 7. O-O Nd4 8.
Bc4+ Be6 9. Bxe6+ Kxe6 10. f4 h5 11. Nd5 Nxd5 12. exd5+ Kxd5 13. c3 Nc6 14. Re1
c4 15. a4 Kc5 16. a5 d5 17. a6 b5 18. d3 Kb6 19. Be3+ Bc5 20. Bxc5+ Kxc5 21.
b4+ Kb6 22. dxc4 dxc4 23. Qf3 Qf6 24. Rad1 Rad8 25. Rd5 Rd6 26. Qe3+ Kxa6 27.
Ra1+ Kb7 28. Rxb5+ Ka8 29. Qb6 Qf7 30. Qc5 Qd7 31. Rba5 Qb7 32. Ra6 Rhd8 33.
R1a5 Rd1+ 34. Kf2 R8d2+ 35. Kg3 Rd3+ 36. Kh4 Qe7+ {Time forfeit} 0-1

[Event "Rated Blitz game"]
[Site "?"]
[Date "2021.10.09"]
[Round "?"]
[White "MagiqueRoger"]
[Black "Konkere"]
[Result "1-0"]
[ECO "C42"]
[WhiteElo "2461"]
[BlackElo "2322"]
[PlyCount "43"]
[EventDate "2021.??.??"]
[EventType "blitz"]
[TimeControl "300"]

1. e4 e5 2. Nf3 Nf6 3. Nxe5 d6 4. Nxf7 Kxf7 5. d4 Nc6 6. Nc3 Be7 7. Bc4+ Kf8 8.
O-O Na5 9. Bd3 Be6 10. d5 Bd7 11. b4 c6 12. bxa5 Qxa5 13. Bd2 Qc7 14. Rb1 a6
15. f4 b5 16. a4 b4 17. Rxb4 c5 18. Rb1 g6 19. e5 dxe5 20. fxe5 Qxe5 21. Ne4
Kg7 22. Bc3 {Normal} 1-0

[Event "Rated Blitz game"]
[Site "?"]
[Date "2021.10.09"]
[Round "?"]
[White "KingRAZOR"]
[Black "TheHumanMachine"]
[Result "1-0"]
[ECO "C42"]
[WhiteElo "2332"]
[BlackElo "2417"]
[PlyCount "95"]
[EventDate "2021.??.??"]
[EventType "blitz"]
[TimeControl "180"]

1. e4 e5 2. Nf3 Nf6 3. Nxe5 d6 4. Nxf7 Kxf7 5. Nc3 c5 6. g3 h5 7. d3 h4 8. Bg5
Be7 9. Qd2 hxg3 10. fxg3 Be6 11. O-O-O Nc6 12. h4 Qa5 13. a3 Nd4 14. Bg2 b5 15.
Nd5 Qxd2+ 16. Rxd2 Nxd5 17. exd5 Bxg5 18. dxe6+ Nxe6 19. hxg5 Rxh1+ 20. Bxh1
Re8 21. Bd5 Kg6 22. Re2 Nc7 23. Rxe8 Nxe8 24. Bc6 Nc7 25. Kd2 Kxg5 26. Ke3 Kf5
27. c3 g5 28. d4 a5 29. Bd7+ Kf6 30. Ke4 d5+ 31. Ke3 b4 32. dxc5 bxa3 33. bxa3
Ke5 34. Kf3 Na6 35. c6 Kd6 36. Kg4 Nc5 37. Kxg5 Kc7 38. Kf5 Na4 39. Ke5 Nxc3
40. g4 Nb5 41. g5 Nxa3 42. g6 Nc4+ 43. Kxd5 Nb6+ 44. Ke6 a4 45. g7 a3 46. g8=Q
a2 47. Qg3+ Kd8 48. Qb8+ {Normal} 1-0

[Event "Rated Blitz game"]
[Site "?"]
[Date "2021.10.09"]
[Round "?"]
[White "KingRAZOR"]
[Black "TheHumanMachine"]
[Result "0-1"]
[ECO "C42"]
[WhiteElo "2341"]
[BlackElo "2408"]
[PlyCount "44"]
[EventDate "2021.??.??"]
[EventType "blitz"]
[TimeControl "180"]

1. e4 e5 2. Nf3 Nf6 3. Nxe5 d6 4. Nxf7 Kxf7 5. Nc3 c5 6. Be2 h5 7. O-O Nc6 8.
f4 Bg4 9. d3 Qd7 10. Be3 Nd4 11. Bxd4 cxd4 12. Nd5 Nxd5 13. exd5 Re8 14. Bf3
Re3 15. f5 Be7 16. Bxg4 hxg4 17. Qxg4 Bf6 18. Rae1 Qe7 19. Rb1 Kf8 20. h3 Rh4
21. Qd1 Re2 22. c3 Qe3+ {Normal} 0-1

[Event "Rated Blitz game"]
[Site "?"]
[Date "2021.10.09"]
[Round "?"]
[White "tatamaco"]
[Black "Vladimir_FVV"]
[Result "1-0"]
[ECO "C42"]
[WhiteElo "2441"]
[BlackElo "2447"]
[PlyCount "51"]
[EventDate "2021.??.??"]
[EventType "blitz"]
[TimeControl "180+2"]

1. e4 e5 2. Nf3 Nf6 3. Nxe5 d6 4. Nxf7 Kxf7 5. d4 c6 6. Bd3 Be7 7. O-O Re8 8.
e5 dxe5 9. dxe5 Bg4 10. f3 Bc5+ 11. Kh1 Bxf3 12. Qxf3 Rxe5 13. Nc3 Nbd7 14.
Bc4+ Kf8 15. Ne4 Be7 16. Ng5 Rxg5 17. Bxg5 Ne5 18. Qb3 Nxc4 19. Qxc4 Qa5 20.
Bxf6 Bxf6 21. Rae1 Rd8 22. Qe6 Qg5 23. Rf5 Qh4 24. Ref1 Rd2 25. Rxf6+ gxf6 26.
Rxf6+ {Normal} 1-0

[Event "Rated Blitz game"]
[Site "?"]
[Date "2021.10.09"]
[Round "?"]
[White "KingRAZOR"]
[Black "TheHumanMachine"]
[Result "1-0"]
[ECO "C42"]
[WhiteElo "2346"]
[BlackElo "2402"]
[PlyCount "31"]
[EventDate "2021.??.??"]
[EventType "blitz"]
[TimeControl "180"]

1. e4 e5 2. Nf3 Nf6 3. Nxe5 d6 4. Nxf7 Kxf7 5. Nc3 d5 6. e5 d4 7. exf6 dxc3 8.
fxg7 cxd2+ 9. Bxd2 Bxg7 10. Bc4+ Ke7 11. Qe2+ Kd6 12. Bb4+ Kc6 13. O-O a5 14.
Qh5 b6 15. Rad1 Bd7 16. Qd5# {Normal} 1-0

[Event "Rated Blitz game"]
[Site "?"]
[Date "2021.10.08"]
[Round "?"]
[White "wtfai"]
[Black "adnansendur"]
[Result "0-1"]
[ECO "C42"]
[WhiteElo "2383"]
[BlackElo "2467"]
[PlyCount "26"]
[EventDate "2021.??.??"]
[EventType "blitz"]
[TimeControl "180"]

1. e4 e5 2. Nf3 Nf6 3. Nxe5 d6 4. Nxf7 Kxf7 5. d4 Qe8 6. Bd3 c5 7. O-O cxd4 8.
Bc4+ Be6 9. Qxd4 Nc6 10. Bxe6+ Qxe6 11. Qa4 Qxe4 12. Qb3+ Kg6 13. Nc3 Nd4 {
Normal} 0-1

[Event "Rated Blitz game"]
[Site "?"]
[Date "2021.10.08"]
[Round "?"]
[White "Astrikov_86"]
[Black "sumpor"]
[Result "0-1"]
[ECO "C42"]
[WhiteElo "2383"]
[BlackElo "2423"]
[PlyCount "64"]
[EventDate "2021.??.??"]
[EventType "blitz"]
[TimeControl "180"]

1. e4 e5 2. Nf3 Nf6 3. Nxe5 d6 4. Nxf7 Kxf7 5. Bc4+ d5 6. exd5 Bd6 7. O-O Rf8
8. Nc3 Kg8 9. h3 Bf5 10. Qf3 Bg6 11. d3 Nbd7 12. Bg5 Ne5 13. Qe2 h6 14. Bh4
Nxc4 15. dxc4 Qd7 16. Rfe1 Rae8 17. Qd2 Nh5 18. Nb5 Qf5 19. Rxe8 Rxe8 20. Nxd6
cxd6 21. Qd4 Re4 22. Qxa7 Rxh4 23. Qb8+ Kh7 24. Qxd6 Nf4 25. Rf1 Qg5 26. g3
Nxh3+ 27. Kg2 Be4+ 28. f3 Nf4+ 29. Kf2 Rh2+ 30. Ke3 Nxd5+ 31. Kxe4 Qe3+ 32.
Kxd5 Rd2# {Normal} 0-1

[Event "Rated Blitz game"]
[Site "?"]
[Date "2021.10.08"]
[Round "?"]
[White "jflup"]
[Black "Kotlette"]
[Result "1/2-1/2"]
[ECO "C42"]
[WhiteElo "2556"]
[BlackElo "2450"]
[PlyCount "99"]
[EventDate "2021.??.??"]
[EventType "blitz"]
[TimeControl "180"]

1. e4 e5 2. Nf3 Nf6 3. Nxe5 d6 4. Nxf7 Kxf7 5. d4 c5 6. dxc5 Nc6 7. Nc3 Be6 8.
Bg5 dxc5 9. f4 Qxd1+ 10. Rxd1 Re8 11. Bb5 Be7 12. f5 Bc8 13. Bxc6 bxc6 14. e5
Nd5 15. e6+ Bxe6 16. fxe6+ Kxe6 17. Bd2 Rhf8 18. Rf1 Bf6 19. Rf2 Nxc3 20. Bxc3
Bxc3+ 21. bxc3 Rxf2 22. Kxf2 Rf8+ 23. Ke3 Rf5 24. Rd8 Re5+ 25. Kf2 Rd5 26. Re8+
Kf6 27. Rf8+ Ke7 28. Ra8 Rd2+ 29. Kf3 Rxc2 30. Rxa7+ Kf6 31. Ra3 Ke5 32. h4 Kd5
33. g4 Kc4 34. Ra7 g6 35. Rxh7 Rxa2 36. Rc7 Ra6 37. h5 gxh5 38. gxh5 Kxc3 39.
h6 c4 40. h7 Ra8 41. Kf4 Kd3 42. Kg5 c3 43. Rxc6 c2 44. Rd6+ Ke2 45. Rc6 Kd2
46. Kg6 c1=Q 47. Rxc1 Kxc1 48. Kg7 Ra7+ 49. Kg8 Rxh7 50. Kxh7 {Normal} 1/2-1/2

[Event "Rated Blitz game"]
[Site "?"]
[Date "2021.10.08"]
[Round "?"]
[White "Julkiboy"]
[Black "curvadegauss"]
[Result "0-1"]
[ECO "C42"]
[WhiteElo "2450"]
[BlackElo "2383"]
[PlyCount "53"]
[EventDate "2021.??.??"]
[EventType "blitz"]
[TimeControl "180"]

1. e4 e5 2. Nf3 Nf6 3. Nxe5 d6 4. Nxf7 Kxf7 5. Bc4+ d5 6. Bb3 c5 7. e5 c4 8.
Ba4 Qe7 9. f4 Bg4 10. O-O Bxd1 11. Rxd1 Ne4 12. d4 Nc6 13. Bxc6 bxc6 14. Nc3
Nxc3 15. bxc3 Rb8 16. f5 Qh4 17. Rf1 Be7 18. Bf4 Rhf8 19. Rf3 Kg8 20. Raf1 Rxf5
21. Bg3 Rxf3 22. Rxf3 Qe4 23. h4 Bxh4 24. Bf4 h6 25. e6 Rb1+ 26. Kh2 Qxe6 27.
Be5 {Normal} 0-1

[Event "Rated Blitz game"]
[Site "?"]
[Date "2021.10.08"]
[Round "?"]
[White "onatog"]
[Black "geneh59"]
[Result "1/2-1/2"]
[ECO "C42"]
[WhiteElo "2587"]
[BlackElo "2408"]
[PlyCount "101"]
[EventDate "2021.??.??"]
[EventType "blitz"]
[TimeControl "300"]

1. e4 e5 2. Nf3 Nf6 3. Nxe5 d6 4. Nxf7 Kxf7 5. d4 c6 6. Bd3 Bg4 7. f3 Bh5 8.
O-O Be7 9. g4 Bg6 10. g5 Ng8 11. f4 Ke8 12. h4 Kd7 13. f5 Be8 14. Bf4 Qb6 15.
c3 Qxb2 16. Rf2 Qxa1 17. Qb3 b5 18. Kg2 a5 19. Qe6+ Kd8 20. e5 dxe5 21. Bxe5 b4
22. d5 Bd7 23. Qf7 Bc5 24. Re2 Ne7 25. cxb4 Qxe5 26. Rxe5 Bd6 27. Re2 Nxd5 28.
Qxg7 Nf4+ 29. Kf3 Re8 30. Qf6+ Kc7 31. Rxe8 Bxe8 32. b5 Nd7 33. b6+ Kxb6 34.
Qxd6 Nxd3 35. Qxd3 Nc5 36. Qd6 Bh5+ 37. Kf4 Re8 38. Nd2 Kb5 39. Nb3 Re4+ 40.
Kg3 Rg4+ 41. Kh3 Nxb3 42. axb3 Rb4 43. Qb8+ Kc5 44. Qg8 Bd1 45. Qxh7 Rxb3+ 46.
Kg2 a4 47. Qa7+ Kb5 48. Qb7+ Kc5 49. Qa7+ Kb5 50. Qb7+ Kc5 51. Qa7+ {Normal}
1/2-1/2

[Event "Rated Blitz game"]
[Site "?"]
[Date "2021.10.08"]
[Round "?"]
[White "josefghng"]
[Black "SNOEBE"]
[Result "0-1"]
[ECO "C42"]
[WhiteElo "2505"]
[BlackElo "2573"]
[PlyCount "92"]
[EventDate "2021.??.??"]
[EventType "blitz"]
[TimeControl "300"]

1. e4 e5 2. Nf3 Nf6 3. Nxe5 d6 4. Nxf7 Kxf7 5. Bc4+ d5 6. Bb3 Be6 7. e5 Nfd7 8.
Qf3+ Ke8 9. d4 c6 10. O-O g6 11. Qg3 Be7 12. f4 c5 13. c3 cxd4 14. cxd4 Nc6 15.
Be3 Nb6 16. Nc3 a6 17. Rad1 Qd7 18. h3 Na5 19. Qf3 Nxb3 20. axb3 h5 21. Qe2 Bb4
22. Bd2 Bxc3 23. bxc3 Rc8 24. Be1 Qb5 25. Qa2 Bf5 26. Qa3 Rh7 27. Rf2 Na8 28.
Rb2 Nc7 29. c4 Qc6 30. Rc1 Ne6 31. Bf2 Nxf4 32. Be3 Nd3 33. cxd5 Qxd5 34. Rxc8+
Bxc8 35. Rc2 Bd7 36. b4 Qb5 37. Qc3 Nxb4 38. Rb2 a5 39. Qc7 Rf7 40. Qb8+ Ke7
41. Bg5+ Ke6 42. Qd6+ Kf5 43. Rf2+ Ke4 44. Rxf7 Bf5 45. e6 Qe2 46. Qf4+ Kd3 {
Time forfeit} 0-1

[Event "Rated Blitz game"]
[Site "?"]
[Date "2021.10.08"]
[Round "?"]
[White "GrandeGila"]
[Black "Kotlette"]
[Result "1-0"]
[ECO "C42"]
[WhiteElo "2542"]
[BlackElo "2445"]
[PlyCount "21"]
[EventDate "2021.??.??"]
[EventType "blitz"]
[TimeControl "180"]

1. e4 e5 2. Nf3 Nf6 3. Nxe5 d6 4. Nxf7 Kxf7 5. d4 c5 6. dxc5 Qe7 7. Nc3 Nxe4 8.
Qh5+ g6 9. Qd5+ Qe6 10. Qxe4 dxc5 11. Bc4 {Normal} 1-0

[Event "Rated Blitz game"]
[Site "?"]
[Date "2021.10.08"]
[Round "?"]
[White "PorfiryP"]
[Black "off_war"]
[Result "1-0"]
[ECO "C42"]
[WhiteElo "2478"]
[BlackElo "2353"]
[PlyCount "49"]
[EventDate "2021.??.??"]
[EventType "blitz"]
[TimeControl "180"]

1. e4 e5 2. Nf3 Nf6 3. Nxe5 d6 4. Nxf7 Kxf7 5. d4 Nxe4 6. Qh5+ g6 7. Qd5+ Be6
8. Qxe4 Bg7 9. Nc3 Re8 10. Be2 Nc6 11. Be3 Bf5 12. Qf4 Kg8 13. O-O Bxc2 14.
Bc4+ Kh8 15. Qg3 Nxd4 16. Rae1 Nf5 17. Qh3 Nxe3 18. fxe3 Qg5 19. Rf7 Re7 20.
Ref1 Rae8 21. Nd5 Re4 22. Nf6 Rh4 23. Nxe8 Rxh3 24. Rf8+ Bxf8 25. Rxf8# {Normal
} 1-0

[Event "Rated Blitz game"]
[Site "?"]
[Date "2021.10.08"]
[Round "?"]
[White "sezersatrancakademi"]
[Black "joaofranciscobh"]
[Result "1/2-1/2"]
[ECO "C42"]
[WhiteElo "2408"]
[BlackElo "2325"]
[PlyCount "145"]
[EventDate "2021.??.??"]
[EventType "blitz"]
[TimeControl "180"]

1. e4 e5 2. Nf3 Nf6 3. Nxe5 d6 4. Nxf7 Kxf7 5. d4 c6 6. Bd3 g6 7. e5 Ng4 8.
Qf3+ Kg7 9. h3 Nh6 10. O-O Nf5 11. c3 Be7 12. g4 Nh4 13. Qg3 Rf8 14. f4 c5 15.
Be3 cxd4 16. cxd4 dxe5 17. fxe5 Nc6 18. Rxf8 Qxf8 19. Nd2 Be6 20. Ne4 Qf3 21.
Rf1 Qxg3+ 22. Nxg3 Rf8 23. Rxf8 Kxf8 24. Kf2 Kg7 25. b3 h6 26. Ne4 Bd5 27. Nc3
Be6 28. Bc2 Nb4 29. Be4 b6 30. d5 Bc8 31. d6 Bd8 32. a3 Na6 33. Bd4 Kh7 34. Bd5
Nc5 35. b4 Ne6 36. Be3 g5 37. Ne4 Ng6 38. Ng3 Ngf4 39. Be4+ Kg7 40. h4 gxh4 41.
Nf5+ Kf8 42. Nxh4 Bxh4+ 43. Kf3 Bg5 44. Bf5 Bd7 45. Bxf4 Bxf4 46. Bxe6 Bxe6 47.
Kxf4 Ke8 48. g5 hxg5+ 49. Kxg5 Kd7 50. Kf6 Bb3 51. Kf5 Be6+ 52. Ke4 Bh3 53. Kd4
Bg2 54. b5 Bb7 55. a4 Ke6 56. Ke3 Bd5 57. Kf4 Bb3 58. Ke4 Bxa4 59. Kd4 Bxb5 60.
Kc3 Bd7 61. Kb4 Kxe5 62. Kc3 Kxd6 63. Kb4 Kc6 64. Kc3 a5 65. Kb2 b5 66. Ka1 Kb6
67. Kb2 Kc5 68. Ka1 b4 69. Kb2 a4 70. Ka1 b3 71. Kb2 a3+ 72. Ka1 Bc6 73. Kb1 {
Time forfeit} 1/2-1/2

[Event "Rated Blitz game"]
[Site "?"]
[Date "2021.10.08"]
[Round "?"]
[White "gingerlover101"]
[Black "pulchrum-oculis"]
[Result "1-0"]
[ECO "C42"]
[WhiteElo "2378"]
[BlackElo "2406"]
[PlyCount "71"]
[EventDate "2021.??.??"]
[EventType "blitz"]
[TimeControl "180"]

1. e4 e5 2. Nf3 Nf6 3. Nxe5 d6 4. Nxf7 Kxf7 5. d4 c5 6. dxc5 Qa5+ 7. Nc3 Qxc5
8. Be3 Qb4 9. h3 Be6 10. Rb1 Nc6 11. Be2 Be7 12. O-O Rhe8 13. Nd5 Bxd5 14. exd5
Ne5 15. a3 Qh4 16. f4 Ng6 17. Kh2 Ne4 18. Rf3 Qf6 19. Bd4 Qf5 20. c4 Bf6 21. g4
Qd7 22. Bxf6 Nxf6 23. Bd3 Re7 24. Qf1 Rae8 25. Rd1 Re3 26. Bb1 Qe7 27. f5 Nf8
28. g5 Qe5+ 29. Kg1 Rxf3 30. Qxf3 N6d7 31. Kf2 Kg8 32. h4 Qd4+ 33. Rxd4 Ne5 34.
Qe4 Nfd7 35. f6 gxf6 36. Qxh7+ {Time forfeit} 1-0

[Event "Rated Blitz tournament Pq7eDhAM"]
[Site "?"]
[Date "2021.10.07"]
[Round "?"]
[White "josefghng"]
[Black "Matze96"]
[Result "1-0"]
[ECO "C42"]
[WhiteElo "2501"]
[BlackElo "2423"]
[PlyCount "55"]
[EventDate "2021.??.??"]
[EventType "blitz"]
[TimeControl "180+2"]

1. e4 e5 2. Nf3 Nf6 3. Nxe5 d6 4. Nxf7 Kxf7 5. Bc4+ Be6 6. Bxe6+ Kxe6 7. O-O c6
8. d4 Kd7 9. e5 Ne8 10. c4 dxe5 11. dxe5+ Kc7 12. Qe2 Nd7 13. Bf4 Kc8 14. Nc3
Nc7 15. e6 Nc5 16. Bxc7 Qxc7 17. b4 Na6 18. a3 Bd6 19. g3 Re8 20. Rfe1 Be7 21.
Rad1 Nb8 22. Qg4 g6 23. c5 b6 24. Ne4 Rd8 25. Nd6+ Bxd6 26. e7+ Qd7 27. exd8=Q+
Kxd8 28. Rxd6 {Normal} 1-0

[Event "Rated Blitz game"]
[Site "?"]
[Date "2021.10.07"]
[Round "?"]
[White "wallie666"]
[Black "fjruizcasado"]
[Result "1-0"]
[ECO "C42"]
[WhiteElo "2460"]
[BlackElo "2388"]
[PlyCount "39"]
[EventDate "2021.??.??"]
[EventType "blitz"]
[TimeControl "180"]

1. e4 e5 2. Nf3 Nf6 3. Nxe5 d6 4. Nxf7 Kxf7 5. d4 Be7 6. Nc3 Rf8 7. Bc4+ d5 8.
Nxd5 Nxd5 9. Bxd5+ Ke8 10. Qh5+ Kd7 11. Qxh7 c6 12. Bb3 Qa5+ 13. c3 Kc7 14.
Qxg7 Kd8 15. h4 Nd7 16. Bg5 Bxg5 17. hxg5 b6 18. e5 Kc7 19. e6 Re8 20. O-O-O {
Normal} 1-0

[Event "Rated Blitz game"]
[Site "?"]
[Date "2021.10.07"]
[Round "?"]
[White "GrandeGila"]
[Black "GSel"]
[Result "1-0"]
[ECO "C42"]
[WhiteElo "2544"]
[BlackElo "2462"]
[PlyCount "60"]
[EventDate "2021.??.??"]
[EventType "blitz"]
[TimeControl "300"]

1. e4 e5 2. Nf3 Nf6 3. Nxe5 d6 4. Nxf7 Kxf7 5. d4 Be6 6. Bd3 g6 7. O-O Be7 8.
Nc3 Re8 9. f4 Kg7 10. f5 Bf7 11. Qf3 Nc6 12. Qh3 Nxd4 13. e5 Nxf5 14. exf6+
Bxf6 15. Bxf5 gxf5 16. Bh6+ Kh8 17. Qxf5 Bd4+ 18. Kh1 Bg6 19. Qf4 Bxc3 20. bxc3
Re5 21. Qd4 Kg8 22. Rf8+ Qxf8 23. Bxf8 Rxf8 24. h3 Rf7 25. Qxa7 Be4 26. Qb8+
Kg7 27. Kg1 Bc6 28. Rf1 Re2 29. Rxf7+ Kxf7 30. Qxc7+ Kg8 {Normal} 1-0